[Event "*** Titled Tuesday Blitz"]
[Site "Chess.com"]
[Date "2018.07.03"]
[Round "9"]
[White "2Tilted"]
[Black "Morshynska"]
[Result "1-0"]
[WhiteElo "2298"]
[BlackElo "2134"]
[TimeControl "180+2"]
[EndTime "14:56:09 PDT"]
[Termination "2Tilted won on time"]

1. d4 Nf6 2. Nf3 e6 3. c4 b6 4. g3 Bb7 5. Bg2 Be7 6. O-O O-O 7. d5 exd5 8. Nh4 c6 9. cxd5 Nxd5 10. Nf5 Nc7 11. e4 d5 12. Nc3 Nba6 13. Bf4 Bc8 14. Nxe7+ Qxe7 15. exd5 cxd5 16. Nxd5 Nxd5 17. Bxd5 Bb7 18.
Re1 Qd7 19. Bxb7 Qxb7 20. Qg4 Nc5 21. Bd6 Rfe8 22. Be5 Ne6 23. f4 f6 24. Bxf6 Nc5 25.
Bc3 Ne4 26. Be5 Nd2 27. Re3 Nc4 28. Re2 Nxe5 29. fxe5 Qd5 30. e6 Rac8 31. e7 Rc7 32.
Rae1 1-0

[Event "*** Titled Tuesday Blitz"]
[Site "Chess.com"]
[Date "2018.07.03"]
[Round "9"]
[White "djamir"]
[Black "Roachelley"]
[Result "1-0"]
[WhiteElo "2593"]
[BlackElo "2323"]
[TimeControl "180+2"]
[EndTime "14:56:10 PDT"]
[Termination "djamir won by resignation"]

1. e4 c5 2. Nf3 d6 3. d4 cxd4 4. Nxd4 Nf6 5. Bd3 g6 6. O-O Bg7 7. Nb3 O-O 8. c4 Nc6 9. Nc3 Bd7 10. h3 Rc8 11. Be3 Ne5 12. Qe2 Bc6 13. f4 Nxd3 14.
Qxd3 Qc7 15. Rac1 Rfd8 16. Nd5 Bxd5 17. exd5 Nd7 18. Qe2 Nb6 19. Bxb6 Qxb6+ 20. Kh2 Rc7 21. Rc2 Rdc8 22. Nd2 Qd4 23. b3 b5 24. g3 Qb6 25.
Rfc1 Qa5 26. Kg2 bxc4 27. bxc4 Qa3 28. Rb1 Qa4 29. Rb3 Rc5 30. Qxe7 Rxd5 31. cxd5 Rxc2 32.
Rb8+ Rc8 1-0

[Event "*** Titled Tuesday Blitz"]
[Site "Chess.com"]
[Date "2018.07.03"]
[Round "9"]
[White "Joel1285"]
[Black "Martins-BR"]
[Result "1-0"]
[WhiteElo "1841"]
[BlackElo "2281"]
[TimeControl "180+2"]
[EndTime "14:56:12 PDT"]
[Termination "Joel1285 won by resignation"]

1. d4 f5 2. Nf3 Nf6 3. Bg5 Ne4 4. Bf4 c5 5. c3 Qb6 6. Qb3 c4 7. Qxc4 Nc6 8. Qb3 Qd8 9. e3 e6 10. Bd3 Be7 11. Nbd2 d5 12. O-O O-O 13. Rfd1 g5 14. Bg3 Nxd2 15. Rxd2 f4 16. exf4 gxf4 17. Bxf4 Rxf4 18.
Re1 Rxf3 19. gxf3 Bg5 20. Rde2 Bf4 21. Rxe6 Qg5+ 22. Kh1 Bxe6 23. Rg1 Rb8 24. Rxg5+ Bxg5 25. Qc2 Kf7 26. Bf5 h6 27. Bxe6+ Kxe6 28. Qg6+ Kd7 29. Qf7+ Kd6 30. Qg6+ Kc7 31. Qf7+ Ne7 32. f4 Bh4 33. Kg2 Kd7 34. Kh3 Bxf2 35. f5 Kd6 36. Qe6+ Kc7 37. Qxe7+ Kc6 38. Qe6+ Kc7 39. f6 Be3 40. Qxe3 1-0

[Event "*** Titled Tuesday Blitz"]
[Site "Chess.com"]
[Date "2018.07.03"]
[Round "9"]
[White "BasilSmash"]
[Black "1e41-0"]
[Result "1-0"]
[WhiteElo "2437"]
[BlackElo "2484"]
[TimeControl "180+2"]
[EndTime "14:56:33 PDT"]
[Termination "BasilSmash won by resignation"]

1. d4 Nf6 2. Nf3 c5 3. d5 d6 4.
Bg5 Nbd7 5. Nc3 h6 6. Bf4 g6 7. e4 Bg7 8. h3 a6 9. a4 Qb6 10. Rb1 Qb4 11. Nd2 b5 12. axb5 axb5 13. Bxb5 Ba6 14.
Bxa6 Rxa6 15. O-O O-O 16. Re1 Nh5 17. Bh2 Bxc3 18. bxc3 Qxc3 19. Rb7 Rd8 20. Nf3 Nhf6 21. e5 dxe5 22. Nxe5 Nxe5 23. Bxe5 Qc4 24. d6 Ne8 25. d7 Nd6 26. Bxd6 Rxd6 27. Qxd6 exd6 28. Re8+ Kg7 29. Rxd8 Qxc2 30. Rg8+ Kh7 31. g3 Qd1+ 32. Kg2 Qd5+ 33. Kh2 Qf3 34. Rb2 Kxg8 35. d8=Q+ Kg7 36. Qxd6 c4 37. Qd4+ Kh7 38. Qxc4 h5 39. Qf4 Qd5 40. h4 1-0

[Event "*** Titled Tuesday Blitz"]
[Site "Chess.com"]
[Date "2018.07.03"]
[Round "9"]
[White "joppie2"]
[Black "Hrant_ChessMood"]
[Result "1-0"]
[WhiteElo "2745"]
[BlackElo "2892"]
[TimeControl "180+2"]
[EndTime "14:56:44 PDT"]
[Termination "joppie2 won on time"]

1. e4 e5 2. Nf3 Nc6 3. Nc3 Nf6 4.
a3 d5 5. Bb5 Nxe4 6. Qe2 Nxc3 7. Qxe5+ Be7 8. dxc3 O-O 9. Qh5 Bf6 10. O-O Ne7 11.
Bg5 g6 12. Qh4 Nf5 13. Qf4 Bxg5 14. Nxg5 h6 15. Nf3 g5 16. Qd2 c6 17. Bd3 Qf6 18.
Rfe1 Nd6 19. Ne5 Bf5 20. Bxf5 Qxf5 21. h3 Ne4 22. Qd4 c5 23. Qxd5 Qxf2+ 24. Kh1 Ng3+ 25. Kh2 Nf5 26. Ng4 Qf4+ 27. Kg1 Ng3 28. Nxh6+ Kg7 29. Ng4 b6 30. Re5 f6 31. Re7+ Kg6 32. Qd3+ Nf5 33. Rf1 Rad8 34. Rxf4 Rxd3 35. Rxf5 1-0

[Event "*** Titled Tuesday Blitz"]
[Site "Chess.com"]
[Date "2018.07.03"]
[Round "9"]
[White "Zq1"]
[Black "Drags95"]
[Result "1-0"]
[WhiteElo "2536"]
[BlackElo "2603"]
[TimeControl "180+2"]
[EndTime "14:56:46 PDT"]
[Termination "Zq1 won by resignation"]

1. d4 Nf6 2. c4 e6 3. Nc3 Bb4 4. e3 O-O 5. Bd3 d5 6. cxd5 exd5 7. Ne2 b6 8. O-O Bb7 9. f3 Re8 10. a3 Bf8 11. b4 g6 12. Rb1 Nbd7 13. Ng3 h5 14. h3 h4 15. Nh1 Bh6 16. e4 Bxc1 17.
Rxc1 dxe4 18. fxe4 Nxe4 19. Nxe4 Bxe4 20. Bxe4 Rxe4 21.
Nf2 Rf4 22. Qd2 Rf5 23. Ng4 Rxf1+ 24. Rxf1 f5 25. Nh6+ Kg7 26. Nxf5+ gxf5 27. Rxf5 Nf8 28. Qf4 Qe7 29. Re5 Qf6 30. Qg4+ Ng6 31. Rf5 Qd6 32. Re5 Rf8 33. Re6 Qd5 34. Qxg6+ 1-0

[Event "*** Titled Tuesday Blitz"]
[Site "Chess.com"]
[Date "2018.07.03"]
[Round "9"]
[White "Kimster98"]
[Black "volodja49"]
[Result "1-0"]
[WhiteElo "2522"]
[BlackElo "2482"]
[TimeControl "180+2"]
[EndTime "14:56:49 PDT"]
[Termination "Kimster98 won by resignation"]

1. d4 e6 2. Nf3 d5 3. c4 Nf6 4.
Nc3 Nbd7 5. Bf4 dxc4 6. e3 Nd5 7. Bxc4 Nxf4 8. exf4 Bd6 9. Ne5 O-O 10. O-O Qe7 11.
Re1 Bb4 12. f5 Nxe5 13. Rxe5 Bd6 14. Re3 Qf6 15. fxe6 Bxe6 16. Ne4 Bxh2+ 17. Kxh2 Qh4+ 18. Kg1 Bxc4 19. Qc2 Be6 20. Qxc7 Rad8 21. Qxb7 Rxd4 22. Ng3 Rd2 23. Qxa7 Rxb2 24. a4 Qf4 25. Rf3 Qe5 26. Qe3 Qa5 27. Qc3 Qb6 28. a5 Qb5 29. a6 Rb3 30.
Qa5 Rb1+ 31. Kh2 Qc4 32. Rxb1 Qh4+ 33. Kg1 1-0

[Event "*** Titled Tuesday Blitz"]
[Site "Chess.com"]
[Date "2018.07.03"]
[Round "9"]
[White "florianschwabeneder"]
[Black "kungmongmanh"]
[Result "0-1"]
[WhiteElo "2470"]
[BlackElo "2498"]
[TimeControl "180+2"]
[EndTime "14:56:52 PDT"]
[Termination "kungmongmanh won on time"]

1. Nf3 Nf6 2. b3 Nc6 3. Bb2 d5 4. e3 g6 5. c4 Bg7 6. cxd5 Qxd5 7. Nc3 Qd8 8. d4 O-O 9. Be2 Bf5 10. O-O Nb4 11.
a3 Nbd5 12. Nxd5 Nxd5 13. b4 c6 14. Qb3 Be6 15. Qc2 a5 16. Ng5 Bd7 17. Ne4 Bf5 18.
bxa5 Rxa5 19. Bd3 Qa8 20. Rab1 Rd8 21. Nc5 Bxd3 22. Nxd3 e6 23. Nc5 Bf8 24. e4 Nf4 25. Bc1 Bxc5 26. dxc5 Nd3 27. Be3 Rxa3 28. Rfd1 e5 29.
Bg5 Rd4 30. h3 Kg7 31. Be3 Rd7 32. Rd2 f6 33. Rbd1 Qa6 34. Kh2 Qb5 35. g3 Rb3 36. Qa2 Qc4 37. Qa8 Qxe4 38. Qe8 Qd5 39. f3 Qf7 0-1

[Event "*** Titled Tuesday Blitz"]
[Site "Chess.com"]
[Date "2018.07.03"]
[Round "9"]
[White "pultineviciuspaulius"]
[Black "albi1999"]
[Result "1-0"]
[WhiteElo "2630"]
[BlackElo "2518"]
[TimeControl "180+2"]
[EndTime "14:56:54 PDT"]
[Termination "pultineviciuspaulius won by resignation"]

1. e4 e5 2. Nf3 Nc6 3. Bc4 Bc5 4. c3 Nf6 5. d3 d6 6. O-O a6 7. Re1 Ba7 8. Nbd2 Na5 9. b4 Nxc4 10. Nxc4 O-O 11.
Be3 Be6 12. a4 Bxc4 13. dxc4 Bxe3 14. Rxe3 a5 15. Nd2 Qd7 16. Rd3 Qc6 17. Rg3 Kh8 18. Qc2 Nd7 19. h4 Nb6 20. Qd3 axb4 21. cxb4 Rxa4 22. Rb1 Rfa8 23. h5 h6 24. Qf3 Qe8 25. c5 Nd7 26. Qg4 g5 27. hxg6 fxg6 28. cxd6 cxd6 29. Nc4 Nf6 30. Qh4 Nh5 31. Nxd6 Qe6 32.
Nf5 Ra1 33. Rxa1 Rxa1+ 34. Kh2 Kh7 35. Rd3 Qf7 36. Qd8 Rd1 37. Rxd1 1-0

[Event "*** Titled Tuesday Blitz"]
[Site "Chess.com"]
[Date "2018.07.03"]
[Round "9"]
[White "Passacaglia23"]
[Black "W_Amadeus"]
[Result "0-1"]
[WhiteElo "2318"]
[BlackElo "2595"]
[TimeControl "180+2"]
[EndTime "14:56:54 PDT"]
[Termination "W_Amadeus won on time"]

1. d4 Nf6 2. c4 g6 3. f3 d5 4. cxd5 Nxd5 5. e4 Nb6 6. Nc3 Bg7 7. Be3 O-O 8. Qd2 Nc6 9. O-O-O Qd6 10. h4 Rd8 11. d5 Ne5 12. Bd4 c5 13. dxc6 Qxc6 14. Bb5 Qe6 15. Qc2 Bd7 16. Be2 Rac8 17. Kb1 Ba4 18.
b3 Be8 19. Nh3 Nc6 20. Bxg7 Kxg7 21. Qb2 Kg8 22. h5 Qf6 23. hxg6 hxg6 24. f4 Nd4 25. e5 Qc6 26. Rc1 Qxg2 27. Ng5 Rxc3 28. Qxc3 Nxe2 29. Qb2 Bc6 0-1

[Event "*** Titled Tuesday Blitz"]
[Site "Chess.com"]
[Date "2018.07.03"]
[Round "9"]
[White "simplerXiao"]
[Black "DishonorOnYourCow"]
[Result "1-0"]
[WhiteElo "2335"]
[BlackElo "2231"]
[TimeControl "180+2"]
[EndTime "14:56:56 PDT"]
[Termination "simplerXiao won by resignation"]

1. e4 e5 2. Nf3 Nc6 3. Bc4 Bc5 4. O-O Nf6 5. Re1 d6 6. d3 O-O 7. Bg5 a6 8. Nbd2 Ba7 9. c3 Ne7 10. Bxf6 gxf6 11. Nh4 Kh8 12. Qh5 Ng6 13. Re3 Bxe3 14. fxe3 Be6 15. Bxe6 Nxh4 16. Bxf7 Qe7 17. Bb3 Ng6 18.
Rf1 Qg7 19. Rf3 c6 20. Nf1 Rad8 21. Ng3 d5 22. Nf5 Qf7 23. exd5 cxd5 24. e4 Nf4 25. Qxf7 Rxf7 26. exd5 Nxd5 27. Ne3 Nxe3 28. Bxf7 Rxd3 29. Kf2 Nd1+ 30. Ke2 Rxf3 31. gxf3 Nxb2 32. Bb3 b5 33. Kd2 f5 34. Be6 f4 35. Bc8 a5 36.
Bd7 b4 37. cxb4 axb4 38. Bb5 e4 39. fxe4 f3 40. Kc2 Kg7 41. Kxb2 Kf6 42. Kb3 Ke5 43. Kxb4 Kxe4 44. a4 f2 45. a5 Kf3 46. a6 Kg2 47. a7 Kxh2 48. a8=Q h5 49. Qf3 Kg1 50. Qxh5 Kg2 51.
Qg4+ Kh1 52. Bc6+ 1-0

[Event "*** Titled Tuesday Blitz"]
[Site "Chess.com"]
[Date "2018.07.03"]
[Round "9"]
[White "GMMatamoros"]
[Black "Caterpiller35"]
[Result "1-0"]
[WhiteElo "2515"]
[BlackElo "2296"]
[TimeControl "180+2"]
[EndTime "14:57:00 PDT"]
[Termination "GMMatamoros won by resignation"]

1. Nf3 Nf6 2. c4 b6 3. g3 Bb7 4.
Bg2 e6 5. O-O c5 6. Nc3 Be7 7.
b3 O-O 8. Bb2 d6 9. e3 Nbd7 10.
d4 cxd4 11. Nxd4 Bxg2 12. Kxg2 Qc7 13. f4 a6 14. Qf3 Rac8 15. g4 Rfd8 16. g5 Ne8 17. Rad1 Bf8 18. h4 Nc5 19. h5 Qb7 20. Qxb7 Nxb7 21. f5 e5 22. Nde2 b5 23. cxb5 axb5 24. Ng3 b4 25. Nd5 Rc2+ 26. Rf2 Rxf2+ 27.
Kxf2 Rc8 28. Ke2 Nc7 29. Nxb4 Be7 30. f6 gxf6 31. Nf5 Kf8 32. Nc6 Bd8 33. Nxd6 Nxd6 34.
Rxd6 Ne8 35. Rxd8 Rxc6 36. Ba3+ Kg7 37. Rxe8 Ra6 38. Bf8+ 1-0

[Event "*** Titled Tuesday Blitz"]
[Site "Chess.com"]
[Date "2018.07.03"]
[Round "9"]
[White "stolencandy13"]
[Black "Fins0905"]
[Result "0-1"]
[WhiteElo "2330"]
[BlackElo "2600"]
[TimeControl "180+2"]
[EndTime "14:57:02 PDT"]
[Termination "Fins0905 won by resignation"]

1. e4 d5 2. d4 dxe4 3. Nc3 e5 4. Qh5 Nf6 5. Qxe5+ Be7 6. Nxe4 O-O 7. Bd3 Re8 8.
Kf1 Nc6 9. Qf4 Nxd4 10. Nxf6+ Bxf6 11. Nf3 Nxf3 12. Qxf3 Be6 13. Be3 Bxb2 14. Rd1 Qf6 15. Qxb7 Bxa2 16. Bb5 Rab8 17. Qa6 Rxe3 18. Qxf6 Bxf6 19.
fxe3 Rxb5 20. e4 g6 21. Kf2 Rb2 22. Rd7 Rxc2+ 23. Kf3 Be6 24. Rd3 a5 25. Ra3 Bc3 26. h4 h5 27. Kf4 Bd2+ 28. Ke5 Bc3+ 29. Kf4 Kg7 30. Rd1 Bb4 31. Rg3 a4 32. Rb1 Bb3 33.
e5 Re2 34. Rd3 Rd2 35. Re3 Rd4+ 36. Kf3 Be6 37. g3 a3 38. Rxb4 Rxb4 39. Rxa3 Rb3+ 40. Kf4 Rxa3 0-1

[Event "*** Titled Tuesday Blitz"]
[Site "Chess.com"]
[Date "2018.07.03"]
[Round "9"]
[White "51616516516"]
[Black "chesstatour"]
[Result "1-0"]
[WhiteElo "2206"]
[BlackElo "2017"]
[TimeControl "180+2"]
[EndTime "14:57:03 PDT"]
[Termination "51616516516 won on time"]

1. Nf3 g6 2. d4 Bg7 3. c4 Nf6 4. g3 d5 5. cxd5 Nxd5 6. Bg2 O-O 7. O-O c6 8. e4 Nf6 9. Nc3 Na6 10. h3 Bd7 11. Qe2 Re8 12. Rd1 Nc7 13. Be3 Qc8 14. Kh2 Ne6 15. Rac1 Qd8 16. b4 a5 17. b5 a4 18. d5 cxd5 19. Nxd5 Nxd5 20. Rxd5 Nc7 21. Bb6 Rc8 22. Rdc5 Bxb5 23. Rxb5 Qd7 24. Bxc7 Rxc7 25.
Rxc7 Qxc7 26. e5 Rc8 27. Qe4 Qc6 28. Qxc6 bxc6 29. Ra5 c5 30. Rxa4 c4 31. Ne1 Bxe5 32.
Bd5 c3 33. Nc2 Rb8 34. Bb3 Rd8 35. Ra5 Bf6 36. Rd5 1-0

[Event "*** Titled Tuesday Blitz"]
[Site "Chess.com"]
[Date "2018.07.03"]
[Round "9"]
[White "Bad4life"]
[Black "Gvalch"]
[Result "0-1"]
[WhiteElo "2428"]
[BlackElo "2601"]
[TimeControl "180+2"]
[EndTime "14:57:06 PDT"]
[Termination "Gvalch won by checkmate"]

1. e4 e6 2. d4 d5 3. Nd2 Be7 4. e5 c5 5. c3 Nc6 6. Ngf3 cxd4 7. cxd4 Qb6 8. Bd3 Nxd4 9. Nxd4 Qxd4 10. Nf3 Bb4+ 11.
Kf1 Qb6 12. Be3 Bc5 13. Bxc5 Qxc5 14. Rc1 Qb6 15. Qa4+ Bd7 16. Qa3 Ne7 17. g3 Nc6 18. Qd6 O-O-O 19. Kg2 Be8 20. Qa3 Kb8 21. Rc3 Qb4 22.
Rhc1 Qxa3 23. Rxa3 Rc8 24. h4 h6 25. h5 Bd7 26.
Rh1 Nb4 27. Bb1 Rc7 28. Rh4 Nc6 29. Rg4 f6 30. Re3 Bc8 31. a3 Rf8 32. b4 f5 33. Rh4 Bd7 34. Rh1 Rfc8 35. Rh4 Nd8 36. g4 f4 37. Re1 Nf7 38. Bg6 Ng5 39. Nxg5 hxg5 40. Rhh1 Rc3 41. Ra1 d4 42. Be4 Bc6 43.
Rhe1 d3 44. Rad1 Rxa3 45. Kf3 d2+ 46. Re3 Bxe4+ 47. Kxe4 fxe3 48. fxe3 Rd8 49. b5 Rc3 50. b6 axb6 51. h6 gxh6 52. Rf1 d1=Q 53. Rf8 Qd3+ 54. Kf3 Rxf8+ 55. Kg2 Qe2+ 56. Kh3 Rxe3# 0-1

[Event "*** Titled Tuesday Blitz"]
[Site "Chess.com"]
[Date "2018.07.03"]
[Round "9"]
[White "Swarnapuri"]
[Black "ama18"]
[Result "1-0"]
[WhiteElo "2590"]
[BlackElo "2277"]
[TimeControl "180+2"]
[EndTime "14:57:07 PDT"]
[Termination "Swarnapuri won by checkmate"]

1. d4 e6 2. Bf4 Nf6 3. e3 b6 4.
Nf3 Bb7 5. Bd3 c5 6. c3 cxd4 7.
cxd4 d6 8. O-O Nc6 9. h3 Be7 10. Nc3 O-O 11. a3 Rc8 12. e4 Qd7 13. e5 dxe5 14. dxe5 Nd5 15. Rc1 Rfd8 16. Nxd5 Qxd5 17. Bb1 Ba6 18. Qxd5 Rxd5 19. Rfe1 Nd4 20. Rxc8+ Bxc8 21. Nxd4 Rxd4 22. Be3 Rd5 23. Rc1 Ba6 24. f4 Rd7 25.
Kf2 g6 26. Be4 Bb7 27. Kf3 Bxe4+ 28. Kxe4 f5+ 29. exf6 Bxf6 30. Rc2 Kf7 31. g4 Bg7 32. a4 Bf6 33. b4 Be7 34. Rc4 Rb7 35. b5 Rd7 36. Rd4 Rc7 37. Rd3 Rc4+ 38. Rd4 Rc7 39.
Kd3 Bc5 40. Rc4 Rd7+ 41. Ke4 Bxe3 42. Kxe3 Ke7 43. Ke4 Kf6 44. Rc8 Rd1 45. Rc7 Re1+ 46. Kf3 Rf1+ 47. Ke3 Rh1 48. g5+ Kf5 49. Rf7# 1-0

[Event "*** Titled Tuesday Blitz"]
[Site "Chess.com"]
[Date "2018.07.03"]
[Round "9"]
[White "Keures"]
[Black "canwedoit"]
[Result "0-1"]
[WhiteElo "2153"]
[BlackElo "2503"]
[TimeControl "180+2"]
[EndTime "14:57:19 PDT"]
[Termination "canwedoit won by resignation"]

1. d4 b6 2. c4 Bb7 3. Nc3 Nf6 4. Qc2 d5 5. cxd5 Nxd5 6. e4 Nxc3 7. bxc3 e6 8. Ba3 Bxa3 9. Qa4+ Qd7 10. Qxa3 Bxe4 11. f3 Bb7 12. Nh3 Qe7 13. Qa4+ Bc6 14. Bb5 Bxb5 15.
Qxb5+ Qd7 16. Qh5 Nc6 17. O-O O-O 18. Rae1 Qd5 19. Qh4 h6 20. Re4 Qd8 21. Qh5 Ne7 22.
Rg4 Nf5 23. Re1 c5 24. Rf4 cxd4 25. g4 Qh4 26. Qxh4 Nxh4 27. cxd4 Rad8 28. Kf2 g5 29. Rfe4 Rd5 30. Kg3 Rfd8 31. f4 Ng6 32. fxg5 hxg5 33. Rd1 Kg7 34. Rd3 f5 35. gxf5 exf5 36. Re6 f4+ 37. Kg4 Ne5+ 38. Rxe5 Rxe5 39. Nxg5 Re3 40. Rxe3 fxe3 41. Kf3 Re8 42. d5 e2 0-1

[Event "*** Titled Tuesday Blitz"]
[Site "Chess.com"]
[Date "2018.07.03"]
[Round "9"]
[White "Micki-taryan"]
[Black "rasmussvane"]
[Result "1-0"]
[WhiteElo "2840"]
[BlackElo "2602"]
[TimeControl "180+2"]
[EndTime "14:57:26 PDT"]
[Termination "Micki-taryan won on time"]

1. e4 c6 2. Nf3 d5 3. Nc3 dxe4 4.
Nxe4 Nf6 5. Qe2 Nxe4 6. Qxe4 Qa5 7. Ne5 Nd7 8. Nc4 Qc7 9. d4 Nf6 10. Qh4 Bf5 11. c3 e6 12. Bf4 Qd8 13. Be2 Be7 14. Qg3 O-O 15. h4 Ne4 16. Qe3 Nf6 17. Qg3 Ne4 18. Qe3 Nf6 19. Qg3 Ne4 20. Qh2 c5 21.
g4 cxd4 22. gxf5 dxc3 23. bxc3 Nxc3 24. Qg3 Qd5 25. Rg1 Bf6 26. Be5 Nxe2 27. Qxg7+ Bxg7 28. Rxg7+ Kh8 29. Rxf7+ Qxe5 30. Nxe5 Nd4 31. Rd1 Nf3+ 32. Nxf3 Rxf7 33. Ng5 Rxf5 34. Rd7 Raf8 35. f3 Rxg5 36.
hxg5 Rxf3 37. Rxb7 Ra3 38. Kf2 Rxa2+ 39. Kg3 a5 40. Kf4 a4 41. Ke5 a3 42. Ra7 h5 43.
Kf6 Rf2+ 44. Kg6 Rf8 45. Rxa3 h4 46. Ra7 h3 47. Rh7+ Kg8 48. Rg7+ Kh8 49. Rh7+ Kg8 50. Rxh3 e5 51. Rh7 Re8 52. Rg7+ Kh8 53. Ra7 e4 54.
Kf7 Re5 55. Ra8+ Kh7 56. g6+ Kh6 57. Rh8+ Kg5 58. g7 Rf5+ 59. Ke6 Rf6+ 60. Ke5 1-0

[Event "*** Titled Tuesday Blitz"]
[Site "Chess.com"]
[Date "2018.07.03"]
[Round "9"]
[White "Yurovskykh_Oleksandr"]
[Black "Saitama_Hero"]
[Result "0-1"]
[WhiteElo "2393"]
[BlackElo "2343"]
[TimeControl "180+2"]
[EndTime "14:57:27 PDT"]
[Termination "Saitama_Hero won by resignation"]

1. d4 d6 2. Nf3 f5 3. g3 Nf6 4. Bg2 g6 5. O-O Bg7 6. b3 O-O 7. Bb2 Qe8 8. Nbd2 Nc6 9. Nc4 Be6 10. Ne3 Ne4 11. c3 Bf7 12. Nd2 Nxd2 13. Qxd2 e5 14. d5 Ne7 15. c4 g5 16. Nc2 f4 17. g4 h5 18. h3 hxg4 19. hxg4 Qd7 20. f3 Ng6 21. e4 fxe3 22. Nxe3 Nf4 23. Rf2 Bg6 24.
Bf1 Rae8 25. Rh2 e4 26. Bxg7 Qxg7 27. Qb2 exf3 28. Qxg7+ Kxg7 29. Kf2 Bd3 30. Re1 Bxf1 31. Kxf1 Kg6 32. Nf5 Rxe1+ 33. Kxe1 Re8+ 34. Kf1 Re2 35. Rxe2 fxe2+ 36. Kf2 Kf6 37. Nd4 Nd3+ 38. Kxe2 Nc1+ 39.
Kd2 Nxa2 40. Ne6 c6 41. dxc6 bxc6 42. Nd4 Nb4 43. Kc3 a5 44. Nf3 c5 45. Kd2 Nc6 46.
Ke3 Ne5 47. Nh2 Ng6 48. Ke4 Ne5 49. Kd5 Ke7 50. Ke4 Ke6 51. Ke3 d5 52. cxd5+ Kxd5 53. Kd2 Kd4 54. Kc2 Ke3 55. Nf1+ Kf4 56. Nd2 Nxg4 57. Nc4 Ne3+ 0-1

[Event "*** Titled Tuesday Blitz"]
[Site "Chess.com"]
[Date "2018.07.03"]
[Round "9"]
[White "AndrewDGreen"]
[Black "maheswaran26"]
[Result "0-1"]
[WhiteElo "2167"]
[BlackElo "2009"]
[TimeControl "180+2"]
[EndTime "14:57:28 PDT"]
[Termination "maheswaran26 won by resignation"]

1. d4 Nf6 2. Nf3 g6 3. Nc3 d5 4.
Bf4 Bg7 5. e3 O-O 6. Be2 c5 7.
O-O Nc6 8. dxc5 Qa5 9. Nxd5 Nxd5 10. Qxd5 Bxb2 11. Rab1 Bg7 12. Nd4 e5 13. Nxc6 bxc6 14.
Qxc6 Be6 15. Bg3 Qxa2 16. Bf3 Rac8 17. Qb5 Bc4 18. Qb4 Bxf1 19. Rxf1 Qxc2 20. c6 Rxc6 21. Bxc6 Qxc6 22. Qa5 Qb6 23. Ra1 Rb8 24. h3 Qxa5 25.
Rxa5 Ra8 26. e4 a6 27. f3 f6 28. Bf2 Bf8 29. Kf1 Bb4 30. Ra2 a5 31. Ke2 a4 32.
Kd3 a3 33. Kc4 Be7 34. Be1 Rb8 35. Bc3 Kf7 36. g4 Ke6 37. h4 h5 38. gxh5 gxh5 39. Rg2 Rb1 40. Rf2 Rh1 41. Bb4 Rc1+ 42. Kb5 Rb1 43. Ka4 Rxb4+ 44. Kxa3 Rxe4+ 45. Kb3 Rxh4 46. Kc2 Kf5 47. Kd3 Rd4+ 48. Ke3 Bc5 49. Ke2 Rd2+ 50. Kxd2 Bxf2 51. Ke2 Bd4 52. Kf1 Kf4 53.
Ke1 Kxf3 54. Kf1 e4 55. Ke1 e3 56. Kf1 e2+ 0-1

[Event "*** Titled Tuesday Blitz"]
[Site "Chess.com"]
[Date "2018.07.03"]
[Round "9"]
[White "ENEASZ"]
[Black "Margency"]
[Result "0-1"]
[WhiteElo "2517"]
[BlackElo "2662"]
[TimeControl "180+2"]
[EndTime "14:57:38 PDT"]
[Termination "Margency won by resignation"]

1. e4 c5 2. c3 d5 3. exd5 Qxd5 4.
d4 Nc6 5. Nf3 Bf5 6. Be2 e6 7.
c4 Qd6 8. Nc3 cxd4 9. Nb5 Qd8 10. O-O Bc5 11. b4 Bxb4 12. Qa4 d3 13. Rd1 Nge7 14. Bf1 O-O 15. Bd2 Bc5 16. Rab1 Ng6 17. Nc3 Qc7 18. h3 e5 19. Qb5 b6 20. Nd5 Qd7 21. Be3 e4 22. Bxc5 bxc5 23. Nh2 Rab8 24.
Qa6 Nd4 25. Rxb8 Rxb8 26. h4 Nxh4 27. Ne3 Be6 28. Qa5 Rc8 29. Qa6 h6 30. Qa5 Ng6 31.
g3 Ne5 32. Bg2 Qc7 33. Qa4 f5 34. Kh1 Rb8 35. Qa3 Kh7 36. Qa4 Rb2 37. Rf1 Qd7 38. Qa6 Rb6 39. Qa5 Qc7 40. Qa4 Ng6 41. Qe8 Qd7 42. Qa8 Qb7 43. Qd8 Qb8 44. Qxb8 Rxb8 45.
g4 f4 46. Nf5 Nxf5 0-1

[Event "*** Titled Tuesday Blitz"]
[Site "Chess.com"]
[Date "2018.07.03"]
[Round "9"]
[White "nitpicker"]
[Black "LuisFSiles"]
[Result "0-1"]
[WhiteElo "2096"]
[BlackElo "2211"]
[TimeControl "180+2"]
[EndTime "14:57:38 PDT"]
[Termination "LuisFSiles won by resignation"]

1. d4 Nf6 2. Nf3 g6 3. b4 Bg7 4.
Nbd2 O-O 5. e4 d6 6. h3 c5 7. c3 cxd4 8. cxd4 d5 9. e5 Ne4 10. Bb2 Nc6 11. a3 Qb6 12. Bd3 Nxd2 13. Qxd2 f6 14. Qe2 fxe5 15. dxe5 Bf5 16. O-O Bxd3 17. Qxd3 e6 18. Rfe1 Rf5 19. Re2 Raf8 20. Rc1 Qd8 21. b5 Rxf3 22. gxf3 Na5 23. Qe3 Nc4 24. Qb3 Qg5+ 25.
Kf1 Nxe5 26. Bxe5 Qxc1+ 27. Re1 Qh6 28. Bxg7 Qxh3+ 29. Ke2 Kxg7 30. Qc3+ Kg8 31. Kd2 Qf5 32. Qe3 Qxf3 33. Qxe6+ Qf7 34. Qe5 Qxf2+ 35. Re2 Qf4+ 36. Qxf4 Rxf4 37. Re8+ Rf8 38. Re7 Rf7 39. Re8+ Kg7 40. Re5 Rf5 41. Re7+ Rf7 42. Re5 Rd7 43. Kd3 Kf6 44. Re1 h5 45. Kd4 g5 46. Rf1+ Kg6 47. Ke5 h4 48. Ke6 Rh7 49. Kxd5 h3 0-1

[Event "*** Titled Tuesday Blitz"]
[Site "Chess.com"]
[Date "2018.07.03"]
[Round "9"]
[White "attack2mateU"]
[Black "krzysztofszczurek"]
[Result "1-0"]
[WhiteElo "2653"]
[BlackElo "2391"]
[TimeControl "180+2"]
[EndTime "14:57:44 PDT"]
[Termination "attack2mateU won by resignation"]

1. e4 c5 2. Nf3 d6 3. d4 cxd4 4.
Nxd4 Nf6 5. Nc3 a6 6. Be3 e5 7.
Nb3 Be7 8. f3 Be6 9. Qd2 O-O 10.
O-O-O Qc7 11. g4 b5 12. g5 Nfd7 13. Nd5 Bxd5 14. exd5 Nb6 15. Na5 Rc8 16. Bh3 N8d7 17. Bxb6 Qxb6 18. Bxd7 Rc7 19. Bc6 Rac8 20. h4 f6 21.
Rdg1 Rf8 22. g6 h6 23. f4 exf4 24. Re1 f5 25. Nb3 Bf6 26. Qxf4 a5 27. Qxd6 a4 28.
Qe6+ Kh8 29. Nd2 a3 30. bxa3 Qd4 31. Nb3 Qb2+ 32. Kd1 Bc3 33. Qd6 Rcc8 34. Re7 Qb1+ 35. Nc1 Bf6 36. Rf7 Rfd8 37. Rxf6 Rxd6 38. Rxd6 Qb2 39.
Re1 Qd4+ 40. Nd3 Qg4+ 41. Kc1 Qxh4 42. Rde6 Rg8 43. Kb2 Qg5 44. Ne5 Rf8 45. Nf7+ Kg8 46. Nxg5 hxg5 47. Re8 1-0

[Event "*** Titled Tuesday Blitz"]
[Site "Chess.com"]
[Date "2018.07.03"]
[Round "9"]
[White "QDcoach"]
[Black "Ravan_02"]
[Result "1-0"]
[WhiteElo "2658"]
[BlackElo "2466"]
[TimeControl "180+2"]
[EndTime "14:57:48 PDT"]
[Termination "QDcoach won by resignation"]

1. d4 g6 2. g3 Bg7 3. Bg2 d6 4.
Nf3 Nf6 5. O-O O-O 6. c4 Nbd7 7. Nc3 e5 8. e4 exd4 9. Nxd4 Re8 10. f3 Nc5 11. Be3 a5 12. Qd2 Qe7 13. b3 Bd7 14. Rfe1 Rad8 15. Rad1 c6 16. Nde2 Bc8 17. Bf4 Bf8 18. Bg5 Ne6 19. Be3 Nc5 20. Nd4 Bg7 21. Qf2 Qc7 22. Nde2 Nfd7 23. Bd4 Ne5 24. Nc1 f5 25. f4 Ng4 26. Qc2 Bxd4+ 27. Rxd4 Qb6 28. Kh1 Ne6 29. Rd2 Ne3 30. Qd3 Nxg2 31. Kxg2 Nc5 32.
Qd4 fxe4 33. Nxe4 Rxe4 34. Rxe4 Qc7 35. Re3 Bg4 36. Nd3 Ne6 37. Qf6 Rf8 38. Qc3 Qb6 39.
Nf2 Bf5 40. Rxd6 Qc5 41. Rexe6 Bxe6 42. Rxe6 g5 43. Re5 Qd6 44. Rxg5+ Kf7 45. Qg7+ Ke8 46. Ne4 Qa3 47. Re5+ Kd8 48. c5 Qxa2+ 49. Kh3 1-0

[Event "*** Titled Tuesday Blitz"]
[Site "Chess.com"]
[Date "2018.07.03"]
[Round "9"]
[White "vovachesss"]
[Black "jk13"]
[Result "1-0"]
[WhiteElo "2448"]
[BlackElo "2545"]
[TimeControl "180+2"]
[EndTime "14:57:51 PDT"]
[Termination "vovachesss won by checkmate"]

1. f4 d5 2. Nf3 c6 3. g3 Bg4 4. Bg2 Nd7 5. O-O Ngf6 6. d4 e6 7. Ne5 Bf5 8. c4 Be4 9. Nc3 Bxg2 10. Kxg2 Be7 11. f5 O-O 12. Qd3 Bd6 13. Bf4 Qc7 14.
Nxd7 Qxd7 15. c5 Bxf4 16. Rxf4 exf5 17. Rxf5 Rae8 18. Raf1 Ne4 19. Nxe4 Rxe4 20. R1f2 Qe6 21. R5f3 f6 22. b4 Re8 23. Kf1 Qh3+ 24. Ke1 Qg4 25. Rf4 Qg6 26. Rxe4 Rxe4 27. a4 Qg4 28. e3 Qe6 29.
Kd2 g5 30. b5 Kg7 31. Re2 f5 32. a5 Kg6 33. a6 bxa6 34. b6 axb6 35. cxb6 Qc8 36.
Qc3 Kf7 37. Qc5 Re6 38. Rf2 Kg6 39. Qc2 Re4 40. Qc5 Qa8 41. Qd6+ Kh5 42. Rxf5 a5 43.
Qf6 h6 44. h3 a4 45. Qf7# 1-0